GULF
ST. PETE CARDINALS @ DUNEDIN RANGERS
06/17/1982
 
TOP OF THE 1ST
St. Pete Cardinals batting - Pitching for Dunedin Rangers : RHP Walt Terrell
Pitching: RHP Walt Terrell
Batting: RHB John Roberts 0-0: Ball
1-0: Swinging Strike
1-1: Ball
2-1: Ground out 5-3 (Groundball, 56S, EV 64.4 MPH)
Batting: SHB Mickey Riley 0-0: Called Strike
0-1: Ball
1-1: Foul Ball, location: 2F
1-2: Strikes out looking
Batting: RHB Joe Scime 0-0: Ball
1-0: Foul Ball, location: 2F
1-1: Ground out U3 (Groundball, 3, EV 88.1 MPH)
Top of the 1st over - 0 runs, 0 hits, 0 errors, 0 left on base; St. Pete 0 - Dunedin 0
BOTTOM OF THE 1ST
Dunedin Rangers batting - Pitching for St. Pete Cardinals : RHP Steve Pastrovich
Pitching: RHP Steve Pastrovich
Batting: LHB La Schelle Tarver 0-0: Called Strike
0-1: Ball
1-1: Foul Ball, location: 2F
1-2: Ball
2-2: Ground out 4-3 (Groundball, 4, EV 82.5 MPH)
Batting: SHB Bryan Little 0-0: Foul Ball, location: 2F
0-1: Ball
1-1: Swinging Strike
1-2: Ball
2-2: Strikes out swinging
Batting: LHB Curt Ford 0-0: Ball
1-0: Ball
2-0: Fly out, F8 (Flyball, 78D, EV 95.0 MPH)
Bottom of the 1st over - 0 runs, 0 hits, 0 errors, 0 left on base; St. Pete 0 - Dunedin 0
TOP OF THE 2ND
St. Pete Cardinals batting - Pitching for Dunedin Rangers : RHP Walt Terrell
Batting: RHB Eric Hardgrave 0-0: Ball
1-0: Ball
2-0: Fly out, F8 (Flyball, 8RD, EV 109.4 MPH)
Batting: LHB Richard Hazard 0-0: Ball
1-0: Foul Ball, location: 2F
1-1: Called Strike
1-2: Ball
2-2: Foul Ball, location: 2F
2-2: Foul Ball, location: 2F
2-2: Strikes out looking
Batting: RHB Victor Jimenez 0-0: Ball
1-0: Called Strike
1-1: Called Strike
1-2: Strikes out swinging
Top of the 2nd over - 0 runs, 0 hits, 0 errors, 0 left on base; St. Pete 0 - Dunedin 0
BOTTOM OF THE 2ND
Dunedin Rangers batting - Pitching for St. Pete Cardinals : RHP Steve Pastrovich
Batting: RHB Glenn Wilson 0-0: Fly out, F8 (Line Drive, 8LD, EV 101.3 MPH)
Batting: LHB Ty Van Burkleo 0-0: Ball
1-0: Called Strike
1-1: Ball
2-1: Foul Ball, location: 2F
2-2: Ball
3-2: Ground out 4-3 (Groundball, 4, EV 93.8 MPH)
Batting: RHB Edgar Martinez 0-0: Ball
1-0: Called Strike
1-1: Fly out, F9 (Flyball, 9D, EV 99.4 MPH)
Bottom of the 2nd over - 0 runs, 0 hits, 0 errors, 0 left on base; St. Pete 0 - Dunedin 0
TOP OF THE 3RD
St. Pete Cardinals batting - Pitching for Dunedin Rangers : RHP Walt Terrell
Batting: RHB Sal Agostinelli 0-0: Ball
1-0: Swinging Strike
1-1: Foul Ball, location: 2F
1-2: Ground out 6-3 (Groundball, 6M, EV 85.0 MPH)
Batting: RHB Omar Interiano 0-0: Called Strike
0-1: Ball
1-1: Ground out 3-1 (Groundball, 34S, EV 86.3 MPH)
Batting: RHB Jose Mantilla 0-0: Foul Ball, location: 2F
0-1: Foul Ball, location: 2F
0-2: Ball
1-2: Ball
2-2: Foul Ball, location: 2F
2-2: Ball
3-2: Strikes out swinging
Top of the 3rd over - 0 runs, 0 hits, 0 errors, 0 left on base; St. Pete 0 - Dunedin 0
BOTTOM OF THE 3RD
Dunedin Rangers batting - Pitching for St. Pete Cardinals : RHP Steve Pastrovich
Batting: RHB Bob Glendening 0-0: SINGLE (Groundball, 6MD, EV 106.3 MPH)
Batting: RHB Gary Thurman 0-0: Ball
1-0: Foul Ball, location: 2F
1-1: Ground out 4-3 (Groundball, 34, EV 106.3 MPH)
Bob Glendening to second
Batting: RHB Ron Gant 0-0: Called Strike
0-1: Ball
1-1: Ball
2-1: Ball
3-1: SINGLE (Line Drive, 9S, EV 107.5 MPH)
Bob Glendening to third
Runner from 3rd tries for Home, SAFE, throw by RF to home
Batting: LHB La Schelle Tarver 0-0: Ball
1-0: 2-RUN HOME RUN (Flyball, 9D, EV 105.0 MPH) (Inside the Park)
Batting: SHB Bryan Little 0-0: Swinging Strike
0-1: Ground out 6-3 (Groundball, 6M, EV 98.8 MPH)
Batting: LHB Curt Ford 0-0: Ball
1-0: Called Strike
1-1: Foul Ball, location: 2F
1-2: Foul Ball, location: 2F
1-2: Ball
2-2: Ball
3-2: Fly out, F6 (Popup, 6, EV 61.3 MPH)
Bottom of the 3rd over - 3 runs, 3 hits, 0 errors, 0 left on base; St. Pete 0 - Dunedin 3
TOP OF THE 4TH
St. Pete Cardinals batting - Pitching for Dunedin Rangers : RHP Walt Terrell
Batting: RHB John Roberts 0-0: Ball
1-0: Ball
2-0: Foul Ball, location: 2F
2-1: Fly out, F9 (Flyball, 89S, EV 87.5 MPH)
Batting: SHB Mickey Riley 0-0: Foul Ball, location: 2F
0-1: DOUBLE (Line Drive, 7LS, EV 100.0 MPH)
Batting: RHB Joe Scime 0-0: Ball
1-0: Foul Ball, location: 2F
1-1: Ball
2-1: Foul Ball, location: 2F
2-2: Ground out 6-3 (Groundball, 6, EV 86.3 MPH)
Mickey Riley to third
Batting: RHB Eric Hardgrave 0-0: Fly out, F9 (Flyball, 9S, EV 94.4 MPH)
Top of the 4th over - 0 runs, 1 hit, 0 errors, 1 left on base; St. Pete 0 - Dunedin 3
BOTTOM OF THE 4TH
Dunedin Rangers batting - Pitching for St. Pete Cardinals : RHP Steve Pastrovich
Batting: RHB Glenn Wilson 0-0: Swinging Strike
0-1: Fly out, F8 (Flyball, 8LS, EV 83.8 MPH)
Batting: LHB Ty Van Burkleo 0-0: Ground out 6-3 (Groundball, 6, EV 88.1 MPH)
Batting: RHB Edgar Martinez 0-0: Called Strike
0-1: Foul Ball, location: 2F
0-2: Ball
1-2: SINGLE (Line Drive, 9S, EV 97.5 MPH)
Batting: RHB Bob Glendening 0-0: Ball
1-0: Reached on error, E5 (Groundball, 56, EV 85.0 MPH)
Edgar Martinez to second
Batting: RHB Gary Thurman 0-0: Foul Ball, location: 2F
0-1: Ball
1-1: Swinging Strike
1-2: Fly out, F4 (Flyball, 4MD, EV 83.8 MPH)
Bottom of the 4th over - 0 runs, 1 hit, 1 error, 2 left on base; St. Pete 0 - Dunedin 3
TOP OF THE 5TH
St. Pete Cardinals batting - Pitching for Dunedin Rangers : RHP Walt Terrell
Batting: LHB Richard Hazard 0-0: Foul Ball, location: 2F
0-1: Ball
1-1: Ball
2-1: Fly out, F5 (Popup, 25F, EV 90.0 MPH)
Batting: RHB Victor Jimenez 0-0: Swinging Strike
0-1: Foul Ball, location: 2F
0-2: Strikes out swinging
Batting: RHB Sal Agostinelli 0-0: Called Strike
0-1: Ball
1-1: Fly out, F9 (Flyball, 89S, EV 77.5 MPH)
Top of the 5th over - 0 runs, 0 hits, 0 errors, 0 left on base; St. Pete 0 - Dunedin 3
BOTTOM OF THE 5TH
Dunedin Rangers batting - Pitching for St. Pete Cardinals : RHP Steve Pastrovich
Batting: RHB Ron Gant 0-0: Ball
1-0: Foul Ball, location: 2F
1-1: Ball
2-1: Swinging Strike
2-2: Strikes out looking
Batting: LHB La Schelle Tarver 0-0: TRIPLE (Line Drive, 89XD, EV 104.4 MPH)
Batting: SHB Bryan Little 0-0: Ball
1-0: Ball
2-0: Ball
3-0: Called Strike
3-1: SINGLE (Groundball, 34D, EV 83.8 MPH) (infield hit)
La Schelle Tarver scores
Batting: LHB Curt Ford 0-0: Ball
1-0: Foul Ball, location: 2F
1-1: Called Strike
1-2: Fly out, F8 (Line Drive, 8LD, EV 98.1 MPH)
Batting: RHB Glenn Wilson 0-0: SINGLE (Line Drive, 78M, EV 93.8 MPH)
Bryan Little to second
Batting: LHB Ty Van Burkleo 0-0: Fly out, F8 (Line Drive, 8LM, EV 88.8 MPH)
Bottom of the 5th over - 1 run, 3 hits, 0 errors, 2 left on base; St. Pete 0 - Dunedin 4
TOP OF THE 6TH
St. Pete Cardinals batting - Pitching for Dunedin Rangers : RHP Walt Terrell
Batting: RHB Omar Interiano 0-0: Ball
1-0: SINGLE (Groundball, 4D, EV 95.0 MPH)
Batting: RHB Jose Mantilla 0-0: Ball
1-0: Ball
2-0: Called Strike
2-1: Called Strike
2-2: Strikes out swinging
Batting: RHB John Roberts 0-0: Ball
Omar Interiano steals 2nd base
1-0: Foul Ball, location: 2F
1-1: Swinging Strike
1-2: Ball
2-2: Fly out, F5 (Line Drive, 5, EV 70.0 MPH)
Batting: SHB Mickey Riley 0-0: Swinging Strike
0-1: Fly out, F6 (Popup, 6, EV 79.4 MPH)
Top of the 6th over - 0 runs, 1 hit, 0 errors, 1 left on base; St. Pete 0 - Dunedin 4
BOTTOM OF THE 6TH
Dunedin Rangers batting - Pitching for St. Pete Cardinals : RHP Steve Pastrovich
Batting: RHB Edgar Martinez 0-0: Ball
1-0: Fly out, F9 (Line Drive, 9, EV 91.3 MPH)
Batting: RHB Bob Glendening 0-0: Ball
1-0: Foul Ball, location: 2F
1-1: Ground out 4-3 (Groundball, 4S, EV 68.1 MPH)
Batting: RHB Gary Thurman 0-0: Ball
1-0: Ball
2-0: Called Strike
2-1: Called Strike
2-2: Foul Ball, location: 2F
2-2: Foul Ball, location: 2F
2-2: Fly out, F9 (Line Drive, 9D, EV 98.1 MPH)
Bottom of the 6th over - 0 runs, 0 hits, 0 errors, 0 left on base; St. Pete 0 - Dunedin 4
TOP OF THE 7TH
St. Pete Cardinals batting - Pitching for Dunedin Rangers : RHP Walt Terrell
Batting: RHB Joe Scime 0-0: Ball
1-0: Ball
2-0: Called Strike
2-1: SINGLE (Line Drive, 6D, EV 94.4 MPH)
Batting: RHB Eric Hardgrave 0-0: Fly out, F8 (Flyball, 8LXD, EV 81.9 MPH)
Batting: LHB Richard Hazard 0-0: Foul Ball, location: 2F
0-1: Foul Ball, location: 2F
0-2: Ball
1-2: Foul Ball, location: 2F
1-2: Grounds into double play, 3-6-1 (Groundball, 3, EV 101.9 MPH)
Top of the 7th over - 0 runs, 1 hit, 0 errors, 0 left on base; St. Pete 0 - Dunedin 4
BOTTOM OF THE 7TH
Dunedin Rangers batting - Pitching for St. Pete Cardinals : RHP Steve Pastrovich
Batting: RHB Ron Gant 0-0: Swinging Strike
0-1: Fly out, F8 (Flyball, 8LS, EV 91.3 MPH)
Batting: LHB La Schelle Tarver 0-0: Called Strike
0-1: Foul Ball, location: 2F
0-2: Ball
1-2: Ball
2-2: Ball
3-2: Ground out 6-3 (Groundball, 6, EV 88.8 MPH)
Batting: SHB Bryan Little 0-0: Ball
1-0: Ground out 4-3 (Groundball, 4, EV 79.4 MPH)
Bottom of the 7th over - 0 runs, 0 hits, 0 errors, 0 left on base; St. Pete 0 - Dunedin 4
TOP OF THE 8TH
St. Pete Cardinals batting - Pitching for Dunedin Rangers : RHP Walt Terrell
Batting: RHB Victor Jimenez 0-0: Swinging Strike
0-1: Called Strike
0-2: Ball
1-2: Strikes out looking
Batting: RHB Sal Agostinelli 0-0: Ball
1-0: Swinging Strike
1-1: Ground out 1-3 (Groundball, 34S, EV 66.3 MPH)
Batting: RHB Omar Interiano 0-0: Fly out, F8 (Flyball, 78M, EV 85.6 MPH)
Top of the 8th over - 0 runs, 0 hits, 0 errors, 0 left on base; St. Pete 0 - Dunedin 4
BOTTOM OF THE 8TH
Dunedin Rangers batting - Pitching for St. Pete Cardinals : RHP Steve Pastrovich
Batting: LHB Curt Ford 0-0: Ball
1-0: Called Strike
1-1: Fly out, F4 (Popup, 4M, EV 59.4 MPH)
Pitching: RHP David Duran
Batting: RHB Glenn Wilson 0-0: Ball
1-0: Swinging Strike
1-1: Foul Ball, location: 2F
1-2: Foul Ball, location: 2F
1-2: Foul Ball, location: 2F
1-2: Ball
2-2: Strikes out swinging
Batting: LHB Ty Van Burkleo 0-0: Foul Ball, location: 2F
0-1: Ball
1-1: Ball
2-1: Swinging Strike
2-2: Strikes out swinging
Bottom of the 8th over - 0 runs, 0 hits, 0 errors, 0 left on base; St. Pete 0 - Dunedin 4
TOP OF THE 9TH
St. Pete Cardinals batting - Pitching for Dunedin Rangers : RHP Walt Terrell
Batting: RHB Jose Mantilla 0-0: Called Strike
0-1: Called Strike
0-2: Foul Ball, location: 2F
0-2: Ball
1-2: Reached on error, E4 (Groundball, 4, EV 90.6 MPH)
Batting: RHB John Roberts 0-0: Swinging Strike
0-1: Ball
1-1: Fielders Choice at 2nd, 6-4 (Groundball, 6, EV 80.0 MPH)
Batting: SHB Mickey Riley 0-0: Called Strike
0-1: Foul Ball, location: 2F
0-2: Fly out, F8 (Flyball, 8RM, EV 84.4 MPH)
Batting: RHB Joe Scime 0-0: Ball
1-0: Ground out 4-3 (Groundball, 4, EV 106.9 MPH)
Top of the 9th over - 0 runs, 0 hits, 1 error, 1 left on base; St. Pete 0 - Dunedin 4
Friday, August 7th, 2020 - OOTP Baseball 21.5 Build 76